[Event "ICC tourney 2556 (25 5)"]
[Site "Internet Chess Club"]
[Date "2021.05.09"]
[Round "5"]
[White "GUDAVALLI, SAATVIK:K05-16242267"]
[Black "J WILLIAMS, CHRISTOPHER:K05-16250362"]
[Result "0-1"]
[ICCResult "White checkmated"]
[WhiteElo "962"]
[BlackElo "1519"]
[Opening "Sicilian: Najdorf, Byrne (English) attack"]
[ECO "B90"]
[NIC "SI.14"]
[Time "11:32:40"]
[PlyCount "126"]
[TimeControl "1500+5"]

1. e4 c5 2. Nf3 d6 3. d4 cxd4 4. Nxd4 Nf6 5. Nc3 a6 6. Be3 e5 7. Nf3 h6 8.
Bc4 Be7 9. O-O O-O 10. Qd2 b5 11. Bb3 Nbd7 12. Rad1 Bb7 13. Qd3 Rc8 14. Nd5
Nxd5 15. Bxd5 Bxd5 16. exd5 Nf6 17. Nd2 Qc7 18. c3 Qb7 19. Ne4 Nxe4 20.
Qxe4 f5 21. Qd3 Bg5 22. f4 e4 23. Qd2 Bf6 24. Kh1 Rc4 25. Qf2 b4 26. cxb4
Qxb4 27. b3 Rc7 28. Rc1 Rfc8 29. Rfd1 Qa3 30. Rxc7 Rxc7 31. Qd2 Qb2 32.
Qxb2 Bxb2 33. g3 Rc2 34. Rd2 Rxd2 35. Bxd2 Ba3 36. Kg1 Kf8 37. Kf1 Ke8 38.
Ke2 Kd7 39. Be3 Bc5 40. h3 Kc7 41. g4 g6 42. Kd2 Kb6 43. g5 h5 44. Bxc5+
Kxc5 45. Kc3 Kxd5 46. b4 Kc6 47. a4 a5 48. bxa5 Kc5 49. a6 Kb6 50. Kc4 Kxa6
51. Kd4 Ka5 52. Kd5 e3 53. Kxd6 e2 54. Ke7 e1=Q+ 55. Kf6 Qg3 56. Kxg6 Qxf4
57. Kxh5 Qf3+ 58. Kh6 Qxh3+ 59. Kg6 f4 60. Kf6 f3 61. g6 f2 62. g7 f1=Q+
63. Kg6 Qff5# { White checkmated } 0-1

[Event "ICC tourney 2556 (25 5)"]
[Site "Internet Chess Club"]
[Date "2021.05.09"]
[Round "5"]
[White "ZHUANG, KYLE:K05-16368295"]
[Black "AMRANY, BENJAMIN:K05-17261253"]
[Result "1-0"]
[ICCResult "Black checkmated"]
[WhiteElo "1637"]
[BlackElo "1241"]
[Opening "Caro-Kann: 3.Nd2"]
[ECO "B12"]
[NIC "CK.02"]
[Time "11:32:00"]
[PlyCount "113"]
[TimeControl "1500+5"]

1. e4 c6 2. d4 d5 3. Nd2 Nf6 4. e5 Nfd7 5. Bd3 Nb6 6. a4 a5 7. Ngf3 Na6 8.
c3 Bg4 9. h3 Bh5 10. Qe2 Nc7 11. Nf1 Bg6 12. Ng3 e6 13. O-O Be7 14. Qc2 O-O
15. Ne2 Qd7 16. Nf4 Bxd3 17. Qxd3 c5 18. Be3 c4 19. Qc2 Qc6 20. h4 Rfc8 21.
h5 Nd7 22. h6 g6 23. Ne2 Rcb8 24. Ng5 b5 25. f4 bxa4 26. g4 Rb3 27. f5 Nf8
28. fxg6 fxg6 29. Rf7 Bxg5 30. Rg7+ Kh8 31. Bxg5 Rab8 32. Bf6 Ne8 33. Rc7+
Nxf6 34. Rxc6 Ne4 35. Ra2 a3 36. bxa3 Rb1+ 37. Kg2 R1b3 38. Ra6 Nd7 39.
Rxe6 Rf8 40. Kg1 Ng5 41. Re7 Nb6 42. Rb7 Nf3+ 43. Kh1 Ne1 44. Qc1 Nd3 45.
Qe3 Rb1+ 46. Ng1 Na4 47. Rxb1 Nxc3 48. Rab2 Nxb2 49. Rxb2 Nd1 50. Qe2 Nxb2
51. Qxb2 a4 52. Qb7 Rg8 53. e6 c3 54. e7 Re8 55. Qd7 Rg8 56. e8=Q c2 57.
Qg7# { Black checkmated } 1-0

[Event "ICC tourney 2556 (25 5)"]
[Site "Internet Chess Club"]
[Date "2021.05.09"]
[Round "5"]
[White "GURPUR MADKE PRABHU, TANYA:K05-16349446"]
[Black "CHANG LIU, NATHAN:K05-16650672"]
[Result "0-1"]
[ICCResult "White checkmated"]
[WhiteElo "1264"]
[BlackElo "1575"]
[Opening "Giuoco Piano: four knights variation"]
[ECO "C50"]
[NIC "IG.02"]
[Time "11:33:00"]
[PlyCount "86"]
[TimeControl "1500+5"]

1. e4 e5 2. Nf3 Nc6 3. Bc4 Bc5 4. Nc3 Nf6 5. O-O d6 6. h3 O-O 7. d3 h6 8.
a3 Be6 9. Nd5 Bxd5 10. exd5 Ne7 11. c3 Nexd5 12. Bxd5 Nxd5 13. Qb3 Nf6 14.
a4 a5 15. Qxb7 Qd7 16. Qb3 Rfb8 17. Qc2 d5 18. Nxe5 Qf5 19. Nf3 Nh5 20. Qd2
g5 21. d4 Bd6 22. Nh2 Nf4 23. Qe3 Re8 24. Qf3 Ne2+ 25. Kh1 Qg6 26. Ng4 Nf4
27. g3 f5 28. Nxh6+ Qxh6 29. gxf4 g4 30. Qxd5+ Kg7 31. Qg2 Bxf4 32. Bxf4
Qxf4 33. hxg4 Rh8+ 34. Kg1 fxg4 35. Rae1 Ra6 36. Re7+ Kf8 37. Re4 Qf5 38.
Rxg4 Rah6 39. f3 Rh1+ 40. Kf2 R1h2 41. Re1 Rxg2+ 42. Kxg2 Qc2+ 43. Kg3 Qh2#
{ White checkmated } 0-1

[Event "ICC tourney 2556 (25 5)"]
[Site "Internet Chess Club"]
[Date "2021.05.09"]
[Round "5"]
[White "ROEDERER, JUDSON:K05-15626320"]
[Black "BUCHIREDDY, ARYAN:K05-17330263"]
[Result "1-0"]
[ICCResult "Black resigns"]
[WhiteElo "1212"]
[BlackElo "843"]
[Opening "French: exchange variation"]
[ECO "C01"]
[NIC "FR.01"]
[Time "11:30:56"]
[PlyCount "97"]
[TimeControl "1500+5"]

1. e4 e6 2. d4 d5 3. exd5 exd5 4. Nf3 Nf6 5. Nc3 Bb4 6. Bd2 O-O 7. Be2 Re8
8. O-O Bf5 9. Re1 Nc6 10. a3 Bxc3 11. Bxc3 Ne4 12. Bd2 Nxd2 13. Qxd2 Qf6
14. c3 Na5 15. Qd1 Re6 16. b4 Nc6 17. Bb5 Rae8 18. Ne5 a6 19. Bxc6 bxc6 20.
Qd2 R8e7 21. Nf3 Rxe1+ 22. Rxe1 Be4 23. Qe3 Qg6 24. Nh4 Qg4 25. Qg3 Qxg3
26. fxg3 Kf8 27. Kf2 Bd3 28. Rxe7 Kxe7 29. Ke3 Be4 30. Nf3 Bxf3 31. gxf3
Kf6 32. Kf4 h5 33. g4 g5+ 34. Kg3 h4+ 35. Kf2 Kg6 36. h3 f5 37. Ke2 f4 38.
Kd2 Kf6 39. Kc2 Ke7 40. Kb3 Kd8 41. Ka4 Kc8 42. Kb3 Kb7 43. a4 Kb6 44. c4
a5 45. b5 c5 46. cxd5 cxd4 47. Kc4 d3 48. Kxd3 Kc5 49. Ke4 { Black resigns
} 1-0

[Event "ICC tourney 2556 (25 5)"]
[Site "Internet Chess Club"]
[Date "2021.05.09"]
[Round "5"]
[White "GU LIN, BENJAMIN:K05-15976160"]
[Black "SATHISH, PRANAV:K05-16464655"]
[Result "0-1"]
[ICCResult "White forfeits on time"]
[WhiteElo "1496"]
[BlackElo "1768"]
[Opening "Sicilian: Labourdonnais-Löwenthal (Kalashnikov) variation"]
[ECO "B32"]
[NIC "SI.32"]
[Time "11:32:40"]
[PlyCount "52"]
[TimeControl "1500+5"]

1. e4 c5 2. Nf3 Nc6 3. d4 cxd4 4. Nxd4 e5 5. Nb5 d6 6. Be3 a6 7. N5c3 Nf6
8. Be2 Be7 9. O-O O-O 10. Nd2 Be6 11. Re1 Qc7 12. f3 Rad8 13. Bd3 d5 14.
exd5 Nxd5 15. Nxd5 Bxd5 16. Qe2 Nb4 17. Nf1 f5 18. Bd2 e4 19. fxe4 fxe4 20.
Bxe4 Bxe4 21. Qxe4 Nxc2 22. Rac1 Bc5+ 23. Be3 Nxe1 24. Bxc5 Rfe8 25. Qc4+
Qf7 26. Qg4 Nd3 { White forfeits on time } 0-1

[Event "ICC tourney 2556 (25 5)"]
[Site "Internet Chess Club"]
[Date "2021.05.09"]
[Round "5"]
[White "ERVIN KAPLAN, MILES:K05-16937188"]
[Black "SAI TUBATI, TARUN:K05-16761313"]
[Result "1-0"]
[ICCResult "Black forfeits on time"]
[WhiteElo "1202"]
[BlackElo "851"]
[Opening "Caro-Kann: exchange variation"]
[ECO "B13"]
[NIC "CK.02"]
[Time "11:31:28"]
[PlyCount "105"]
[TimeControl "1500+5"]

1. e4 c6 2. d4 d5 3. exd5 cxd5 4. Nf3 Bf5 5. Bf4 Nc6 6. Nc3 Nf6 7. Bd3 Bg6
8. O-O e6 9. Ne5 Nxe5 10. Bxe5 Bd6 11. Bg3 O-O 12. Re1 Nh5 13. Bxd6 Qxd6
14. Qf3 Bxd3 15. Qxd3 a6 16. Re3 Nf4 17. Qd1 Rfe8 18. g3 Ng6 19. f4 f6 20.
Qd3 f5 21. Rae1 Re7 22. b3 Nf8 23. Re5 Nd7 24. R5e3 Nf6 25. Qe2 Rae8 26.
Qd3 Ne4 27. Nxe4 fxe4 28. Qe2 Qb4 29. c3 Qd6 30. b4 b5 31. Qc2 Qc6 32. Rc1
Rc8 33. Qb2 Qb6 34. a3 a5 35. Qa2 Ra7 36. Qb2 axb4 37. axb4 Rac7 38. Qa3
Ra7 39. Qb3 Qa6 40. Kg2 Re8 41. Kh3 Qa4 42. Qxa4 Rxa4 43. Rc2 h6 44. Kh4 g6
45. h3 Kf7 46. g4 Rg8 47. g5 hxg5+ 48. fxg5 Ke7 49. Kg4 Kd6 50. h4 e5 51.
Rd2 exd4 52. Rxd4 Raa8 53. Rexe4 { Black forfeits on time } 1-0

[Event "ICC tourney 2556 (25 5)"]
[Site "Internet Chess Club"]
[Date "2021.05.09"]
[Round "5"]
[White "LU, YIDING:K05-16857692"]
[Black "MANIKANDAN, SIDDHARTH:K05-15223658"]
[Result "1-0"]
[ICCResult "Black resigns"]
[WhiteElo "1733"]
[BlackElo "1445"]
[Opening "Vienna game, Max Lange defense"]
[ECO "C25"]
[NIC "VG.04"]
[Time "11:43:37"]
[PlyCount "51"]
[TimeControl "1500+5"]

1. e4 e5 2. Nc3 Nc6 3. Bc4 Bc5 4. d3 d6 5. Nge2 Be6 6. O-O Bxc4 7. dxc4 Nf6
8. h3 Qd7 9. Ng3 O-O-O 10. Nd5 Rhg8 11. c3 a6 12. b4 Ba7 13. b5 Nb8 14. a4
h5 15. Qe2 Nxd5 16. cxd5 h4 17. Nf5 g5 18. Be3 Bxe3 19. fxe3 a5 20. c4 b6
21. Nh6 Rg7 22. Rf6 Rf8 23. Raf1 Kd8 24. Qh5 Ke8 25. R1f5 Qd8 26. Rxf7 {
Black resigns } 1-0

[Event "ICC tourney 2556 (25 5)"]
[Site "Internet Chess Club"]
[Date "2021.05.09"]
[Round "5"]
[White "PULIJALA, AKSHAJ:K05-16497860"]
[Black "PANDE, RAYANSH:K05-16097942"]
[Result "1-0"]
[ICCResult "Black checkmated"]
[WhiteElo "1455"]
[BlackElo "1097"]
[Opening "Queen's pawn: Chigorin variation"]
[ECO "D00"]
[NIC "QP.08"]
[Time "11:31:17"]
[PlyCount "117"]
[TimeControl "1500+5"]

1. d4 d5 2. Nc3 Nf6 3. Bf4 a6 4. Nf3 g6 5. e3 Bg7 6. Bd3 O-O 7. O-O Nc6 8.
Qd2 Be6 9. Rfe1 Nh5 10. Bg3 Nxg3 11. hxg3 Bg4 12. Nh2 Be6 13. Ne2 a5 14.
Nf4 Nb4 15. Nxe6 fxe6 16. Nf3 Nxd3 17. Qxd3 Qd6 18. Rad1 c6 19. e4 Bh6 20.
Qe2 Qb4 21. c3 Qa4 22. exd5 Qxa2 23. Qxe6+ Rf7 24. Ne5 Qxd5 25. Qxd5 cxd5
26. Nxf7 Kxf7 27. Re5 Rd8 28. Rde1 Rd7 29. f4 Bg7 30. Re6 Bf6 31. Rb6 Bg7
32. Rb5 e6 33. Rxa5 Bf6 34. Kf2 Bd8 35. Rb5 h6 36. Ra1 g5 37. fxg5 hxg5 38.
Ra7 Re7 39. Rbxb7 Kf6 40. Rxe7 Bxe7 41. Kf3 Kf5 42. Rxe7 g4+ 43. Ke3 Kf6
44. Rxe6+ Kxe6 45. Kf4 Kf6 46. b4 Kf7 47. Ke5 Ke7 48. Kxd5 Kd7 49. b5 Kc7
50. c4 Kb6 51. Kd6 Kb7 52. c5 Kc8 53. d5 Kb7 54. b6 Kc8 55. c6 Kb8 56. Kc5
Kc8 57. d6 Kb8 58. d7 Ka8 59. d8=Q# { Black checkmated } 1-0

[Event "ICC tourney 2556 (25 5)"]
[Site "Internet Chess Club"]
[Date "2021.05.09"]
[Round "5"]
[White "KANCHARLAPALLI, NIYATI:K05-16973271"]
[Black "PALANIAPPAN, ABHINAV:K05-16592332"]
[Result "1-0"]
[ICCResult "Black checkmated"]
[WhiteElo "310"]
[BlackElo "732"]
[Opening "Queen's pawn, Mason variation"]
[ECO "D00"]
[NIC "QP.08"]
[Time "11:31:30"]
[PlyCount "115"]
[TimeControl "1500+5"]

1. d4 d5 2. Bf4 Nf6 3. e3 Bf5 4. Bd3 Bxd3 5. Qxd3 e6 6. Nd2 Bd6 7. Bg3 O-O
8. O-O-O Bxg3 9. hxg3 Nc6 10. c3 Re8 11. Ngf3 h6 12. Rdf1 e5 13. dxe5 Nxe5
14. Nxe5 Rxe5 15. f4 Re8 16. Rhg1 Ne4 17. Rf3 Nxd2 18. Qxd2 Re7 19. Qd4 Qd6
20. Rh1 c5 21. Qa4 Re4 22. Qa3 Qe7 23. Re1 d4 24. cxd4 cxd4 25. Qxe7 Rxe7
26. e4 Rae8 27. Kd2 Rxe4 28. Rxe4 Rxe4 29. Kd3 Re1 30. Kxd4 Ra1 31. Ra3 Rg1
32. Ke3 Rxg2 33. Kf3 Rxb2 34. Ke3 Rg2 35. Kf3 Rb2 36. Ke3 a6 37. Kd3 Rg2
38. Kc4 g5 39. fxg5 hxg5 40. Kb4 Kg7 41. Ka5 f5 42. Kb6 f4 43. gxf4 gxf4
44. Kxb7 Rg3 45. Rxa6 f3 46. Ra3 f2 47. Rxg3+ Kf6 48. Rf3+ Ke5 49. Rxf2 Kd4
50. a4 Kc4 51. a5 Kb5 52. a6 Kc5 53. a7 Kd6 54. Rf6+ Kd7 55. a8=Q Ke7 56.
Qf8+ Kd7 57. Qg7+ Kd8 58. Rf8# { Black checkmated } 1-0

[Event "ICC tourney 2556 (25 5)"]
[Site "Internet Chess Club"]
[Date "2021.05.09"]
[Round "5"]
[White "DESHPANDE, OJAS AMIT:K05-16725875"]
[Black "DHURJATI, ANAGHA:K05-17003536"]
[Result "0-1"]
[ICCResult "White checkmated"]
[WhiteElo "829"]
[BlackElo "1269"]
[Opening "Scotch gambit"]
[ECO "C44"]
[NIC "SO.06"]
[Time "11:33:07"]
[PlyCount "94"]
[TimeControl "1500+5"]

1. e4 e5 2. Nf3 Nc6 3. d4 exd4 4. Bc4 Bc5 5. c3 dxc3 6. Qd5 Qe7 7. O-O Nf6
8. Qd3 cxb2 9. Bxb2 d6 10. Nc3 O-O 11. Rfe1 Ng4 12. Rf1 Nce5 13. Nxe5 Nxe5
14. Nd5 Qd8 15. Qg3 c6 16. Nf4 Qf6 17. Nh5 Qg6 18. Qxg6 hxg6 19. Bxe5 dxe5
20. Ng3 b5 21. Bb3 Bd4 22. Rac1 Bb7 23. Ne2 Rac8 24. Nxd4 exd4 25. h3 c5
26. Rfe1 c4 27. Bc2 d3 28. Bxd3 cxd3 29. Rcd1 Rfd8 30. f3 Rc2 31. a3 d2 32.
Re2 Rc1 33. Kf2 Rxd1 34. h4 Rf1+ 35. Kg3 d1=Q 36. Rb2 Rd2 37. Rxb5 Rxg2+
38. Kf4 Qxf3+ 39. Ke5 Qxe4+ 40. Kd6 Rd1+ 41. Kc7 Rc2+ 42. Kb8 Qe8+ 43. Kxa7
Qxb5 44. Kb8 Rc8+ 45. Ka7 Qa5+ 46. Kxb7 Rc7+ 47. Kb8 Rd8# { White
checkmated } 0-1

[Event "ICC tourney 2556 (25 5)"]
[Site "Internet Chess Club"]
[Date "2021.05.09"]
[Round "5"]
[White "ZIEGLER, NATE:K05-15967852"]
[Black "YANG, DANIEL:K05-16464806"]
[Result "1/2-1/2"]
[ICCResult "Game drawn by mutual agreement"]
[WhiteElo "1866"]
[BlackElo "1597"]
[Opening "Queen's pawn game"]
[ECO "D05"]
[NIC "QP.06"]
[Time "11:32:13"]
[PlyCount "99"]
[TimeControl "1500+5"]

1. d4 Nf6 2. Nf3 d5 3. e3 e6 4. Bd3 c5 5. O-O Nc6 6. c3 Bd6 7. dxc5 Bxc5 8.
Nbd2 e5 9. b4 Bd6 10. e4 O-O 11. Bb2 Re8 12. Re1 dxe4 13. Nxe4 Nxe4 14.
Bxe4 Be6 15. Qc2 h6 16. a3 Qc7 17. c4 Nd4 18. Nxd4 exd4 19. Bxd4 Bxc4 20.
g3 Rac8 21. Qb2 Bf8 22. Rac1 b5 23. Bg2 a5 24. Be5 Qb6 25. Rcd1 Rcd8 26.
Rxd8 Rxd8 27. Bc3 axb4 28. axb4 Rd6 29. h4 Re6 30. Rxe6 Qxe6 31. Bf1 Bd5
32. Bg2 Qc6 33. Bxd5 Qxd5 34. Qd2 Qxd2 35. Bxd2 Bd6 36. Kg2 Kf8 37. Kf3 Ke7
38. Ke4 Ke6 39. Be1 f5+ 40. Kd4 Be7 41. Bd2 Bd6 42. f4 Be7 43. Be1 Kd6 44.
Bd2 Bf6+ 45. Kd3 Kd5 46. Be1 Bd4 47. h5 Bf6 48. Bf2 Be7 49. Bd4 Bf6 50. Bf2
{ Game drawn by mutual agreement } 1/2-1/2

[Event "ICC tourney 2556 (25 5)"]
[Site "Internet Chess Club"]
[Date "2021.05.09"]
[Round "5"]
[White "VENKATARAJA, LINGAADYAKSSH:K05-15495814"]
[Black "OWUSU BOAKYE, KWAME:K05-30105948"]
[Result "1-0"]
[ICCResult "Black checkmated"]
[WhiteElo "1352"]
[BlackElo "713"]
[Opening "Sicilian: Grand Prix attack"]
[ECO "B23"]
[NIC "SI.44"]
[Time "11:30:42"]
[PlyCount "63"]
[TimeControl "1500+5"]

1. e4 c5 2. Nc3 Nc6 3. f4 e6 4. Bc4 Nf6 5. Nf3 d5 6. exd5 exd5 7. Bb5 Be7
8. O-O O-O 9. Ne5 Qb6 10. Bxc6 bxc6 11. d3 Bd6 12. Kh1 c4 13. dxc4 Bxe5 14.
fxe5 Ng4 15. Qe1 Re8 16. Qh4 Rxe5 17. Bf4 Re8 18. cxd5 Qxb2 19. Rae1 Ba6
20. Nd1 Qxc2 21. Qxg4 Bxf1 22. Rxf1 cxd5 23. Ne3 Qxa2 24. Bh6 Qb2 25. Nxd5
Rad8 26. Qf5 f6 27. h3 Qe5 28. Qg4 f5 29. Rxf5 Qa1+ 30. Kh2 Rf8 31. Nf6+
Rxf6 32. Qxg7# { Black checkmated } 1-0

[Event "ICC tourney 2556 (25 5)"]
[Site "Internet Chess Club"]
[Date "2021.05.09"]
[Round "5"]
[White "HU, ANGELA:K05-16747812"]
[Black "SHARMA, SUNEET:K05-16802074"]
[Result "1-0"]
[ICCResult "Black checkmated"]
[WhiteElo "1237"]
[BlackElo "847"]
[Opening "Giuoco Piano: four knights variation"]
[ECO "C55"]
[NIC "IG.01"]
[Time "11:33:09"]
[PlyCount "109"]
[TimeControl "1500+5"]

1. e4 e5 2. Nf3 Nc6 3. Bc4 Nf6 4. Nc3 Bc5 5. O-O O-O 6. d3 h6 7. h3 d6 8.
Be3 Bxe3 9. fxe3 Be6 10. Bb3 Bxb3 11. axb3 Qd7 12. d4 Rfe8 13. Qe2 a6 14.
d5 Ne7 15. Qd3 Ng6 16. Ne2 c6 17. dxc6 Qxc6 18. Ng3 d5 19. exd5 Qxd5 20.
Qxd5 Nxd5 21. e4 Ndf4 22. Rad1 Red8 23. Rd2 Rxd2 24. Nxd2 Nh4 25. Nc4 f6
26. Ne3 Rd8 27. Ngf5 Nxf5 28. Nxf5 Rd2 29. Rf2 Rxf2 30. Kxf2 Kh7 31. Nd6 b6
32. Ne8 Ne6 33. Nd6 Nd4 34. Nc4 Nxc2 35. Nxb6 Nd4 36. b4 Kg6 37. g3 f5 38.
Nd5 fxe4 39. Ke3 Nf5+ 40. Kxe4 Nxg3+ 41. Kxe5 Kg5 42. Nc7 Kh4 43. Nxa6 Kxh3
44. b5 g5 45. b6 g4 46. b7 Ne2 47. b8=Q g3 48. Qc8+ Kh2 49. Qc2 g2 50. Qxe2
Kh1 51. Qh5+ Kg1 52. Kf4 Kf1 53. Qf3+ Kg1 54. Kg3 Kh1 55. Qxg2# { Black
checkmated } 1-0

[Event "ICC tourney 2556 (25 5)"]
[Site "Internet Chess Club"]
[Date "2021.05.09"]
[Round "5"]
[White "METZMAKER, SUYA:K05-16458411"]
[Black "GOLSEFIDY, SEPEHR:K05-16686975"]
[Result "1/2-1/2"]
[ICCResult "Game drawn by mutual agreement"]
[WhiteElo "1618"]
[BlackElo "1882"]
[Opening "Giuoco Piano"]
[ECO "C54"]
[NIC "IG.02"]
[Time "11:32:30"]
[PlyCount "106"]
[TimeControl "1500+5"]

1. e4 e5 2. Nf3 Nc6 3. Bc4 Bc5 4. c3 Nf6 5. d4 exd4 6. cxd4 Bb4+ 7. Bd2
Nxe4 8. Bxb4 Nxb4 9. Bxf7+ Kxf7 10. Qb3+ Kf8 11. Qxb4+ Qe7 12. Qxe7+ Kxe7
13. O-O Re8 14. Re1 Kf8 15. Nc3 Nxc3 16. bxc3 d6 17. Rxe8+ Kxe8 18. Re1+
Kf8 19. h3 Bf5 20. c4 Re8 21. Rc1 c5 22. Rd1 Re2 23. dxc5 dxc5 24. Rd5 Be4
25. Rxc5 Rxa2 26. Ne5 Ke7 27. Ng4 Bc6 28. Rg5 g6 29. Re5+ Kf7 30. Re3 a5
31. Ne5+ Kf6 32. Ng4+ Kg7 33. Re7+ Kf8 34. Rxh7 a4 35. Ne3 a3 36. Rh8+ Ke7
37. Ra8 Kd6 38. Ra5 Be4 39. c5+ Kc6 40. Nc4 Ra1+ 41. Kh2 a2 42. Ne3 Bd5 43.
Nxd5 Kxd5 44. g4 Kc4 45. Ra7 Kxc5 46. h4 Kd5 47. h5 gxh5 48. gxh5 Ke5 49.
h6 Kf6 50. h7 Kg7 51. Rxb7+ Kh8 52. Ra7 Rb1 53. Rxa2 Kxh7 { Game drawn by
mutual agreement } 1/2-1/2

[Event "ICC tourney 2556 (25 5)"]
[Site "Internet Chess Club"]
[Date "2021.05.09"]
[Round "5"]
[White "SETHI, KANWAR:K05-16874098"]
[Black "MOORHOUSE, WILL:K05-30059498"]
[Result "1/2-1/2"]
[ICCResult "Game drawn by repetition"]
[WhiteElo "852"]
[BlackElo "1352"]
[Opening "Sicilian: Najdorf, Byrne (English) attack"]
[ECO "B90"]
[NIC "SI.14"]
[Time "11:31:32"]
[PlyCount "82"]
[TimeControl "1500+5"]

1. e4 c5 2. Nf3 d6 3. d4 cxd4 4. Nxd4 Nf6 5. Nc3 a6 6. Be3 e5 7. Nf3 Be7 8.
Bc4 O-O 9. h3 Be6 10. Bd3 Nc6 11. O-O d5 12. exd5 Nxd5 13. Nxd5 Bxd5 14.
Nh2 f5 15. c4 Be6 16. Be2 Qc7 17. Qc1 Nd4 18. Bxd4 exd4 19. Nf3 Bf6 20. Bd3
g6 21. Re1 Bd7 22. c5 Bc6 23. Qc4+ Qf7 24. Nxd4 Bxd4 25. Qxd4 Rad8 26. Qc3
Bd5 27. Re5 Bxa2 28. Rxa2 Rxd3 29. Qxd3 Qxa2 30. Re7 Qxb2 31. Qd7 Qc1+ 32.
Kh2 Qf4+ 33. Kh1 Qc1+ 34. Kh2 Qf4+ 35. Kg1 Qc1+ 36. Kh2 Qf4+ 37. Kh1 Qc1+
38. Kh2 Qf4+ 39. Kg1 Qc1+ 40. Kh2 Qf4+ 41. Kh1 Qc1+ { Game drawn by
repetition } 1/2-1/2

[Event "ICC tourney 2556 (25 5)"]
[Site "Internet Chess Club"]
[Date "2021.05.09"]
[Round "5"]
[White "UEZU, AUSTIN:K05-16532086"]
[Black "WOLFE, JAXON:K05-16374716"]
[Result "0-1"]
[ICCResult "White checkmated"]
[WhiteElo "1196"]
[BlackElo "1543"]
[Opening "Sicilian defense"]
[ECO "B32"]
[NIC "SI.32"]
[Time "11:32:20"]
[PlyCount "120"]
[TimeControl "1500+5"]

1. e4 c5 2. Nf3 Nc6 3. d4 cxd4 4. Nxd4 Nxd4 5. Qxd4 Qc7 6. c4 e6 7. Nc3 a6
8. Be3 Ne7 9. Be2 Nc6 10. Qd2 Be7 11. h4 b6 12. h5 Ne5 13. Bf4 Bd6 14. Bxe5
Bxe5 15. h6 g6 16. Rh3 Bb7 17. g3 O-O-O 18. Bd3 Bc6 19. f4 Bd4 20. Ne2 Bf6
21. e5 Be7 22. a4 a5 23. Qc2 d5 24. cxd5 Rxd5 25. g4 Bb4+ 26. Kf1 Rhd8 27.
Rd1 Rc5 28. Ba6+ Kb8 29. Rxd8+ Qxd8 30. Rd3 Bd5 31. Qd1 Qc7 32. Nc3 Bxc3
33. bxc3 Rxc3 34. Rxc3 Qxc3 35. Qd3 Qa1+ 36. Ke2 Qxa4 37. Qc3 Qe4+ 38. Kd1
Qf3+ 39. Qxf3 Bxf3+ 40. Be2 Bxe2+ 41. Kxe2 Kc7 42. f5 Kc6 43. Kf3 a4 44. g5
gxf5 45. g6 fxg6 46. Kf4 a3 47. Kg5 a2 48. Kf6 a1=Q 49. Kg7 Qxe5+ 50. Kxh7
g5 51. Kg8 g4 52. h7 g3 53. h8=Q Qxh8+ 54. Kxh8 g2 55. Kh7 g1=Q 56. Kh8 f4
57. Kh7 f3 58. Kh8 f2 59. Kh7 f1=Q 60. Kh6 Qh3# { White checkmated } 0-1

[Event "ICC tourney 2556 (25 5)"]
[Site "Internet Chess Club"]
[Date "2021.05.09"]
[Round "5"]
[White "CHIRAG SHETTY, TANISH:K05-15984457"]
[Black "KASALA, RUTHVIK:K05-16909342"]
[Result "1-0"]
[ICCResult "Black checkmated"]
[WhiteElo "1355"]
[BlackElo "867"]
[Opening "Ruy Lopez: closed, Borisenko defense"]
[ECO "C96"]
[NIC "RL.23"]
[Time "11:30:47"]
[PlyCount "187"]
[TimeControl "1500+5"]

1. e4 e5 2. Nf3 Nc6 3. Bb5 Nf6 4. O-O d6 5. Re1 a6 6. Ba4 b5 7. Bb3 Be7 8.
c3 O-O 9. h3 Na5 10. Bc2 c5 11. d4 Nc6 12. Be3 Na5 13. b3 Nc6 14. d5 Nb8
15. Qd2 Re8 16. a4 bxa4 17. Rxa4 Bd7 18. Ra3 a5 19. c4 Na6 20. Rxa5 Nb4 21.
Rxa8 Qxa8 22. Nc3 h6 23. Bb1 Qa7 24. Nh2 Ra8 25. f3 Qb7 26. Na2 Nxa2 27.
Bxa2 Ra6 28. Rb1 Qa8 29. Rb2 Kf8 30. Bb1 Ra1 31. Nf1 Kg8 32. Ra2 Rxa2 33.
Qxa2 Qxa2 34. Bxa2 Kf8 35. Bd2 Ke8 36. b4 cxb4 37. Bxb4 Kd8 38. Nd2 Kc7 39.
Nb3 Kb6 40. Kf2 Ne8 41. Bb1 Nc7 42. Ba5+ Kb7 43. Bd2 Kb6 44. Be3+ Kb7 45.
c5 dxc5 46. Nxc5+ Kc8 47. Nxd7 Kxd7 48. Bc2 Kd6 49. f4 f6 50. Ba4 Na6 51.
Bc1 Kc7 52. g3 Nc5 53. Bc2 Bd6 54. Kf3 Kd7 55. Bb2 Ke7 56. fxe5 Bxe5 57.
Bxe5 fxe5 58. g4 g6 59. Kg3 Kf6 60. Kh4 Ke7 61. g5 h5 62. Kg3 Kd6 63. h4
Ke7 64. Kf3 Kd6 65. Ke3 Ke7 66. Kd2 Kd6 67. Kc3 Na6 68. Kc4 Nc5 69. Kb5 Nd7
70. Ka6 Nc5+ 71. Kb6 Nd7+ 72. Kb7 Nc5+ 73. Kc8 Nd7 74. Kd8 Nc5 75. Ke8 Na6
76. Kf7 Nb4 77. Bb1 Nxd5 78. exd5 Kxd5 79. Bxg6 e4 80. Bxh5 e3 81. g6 e2
82. Bxe2 Ke5 83. g7 Kf5 84. g8=Q Ke5 85. Qg5+ Kd4 86. Qf6+ Kd5 87. h5 Kc5
88. h6 Kd5 89. h7 Kc5 90. h8=Q Kd5 91. Qe6+ Kc5 92. Qhc8+ Kd4 93. Qd8+ Kc5
94. Qc4# { Black checkmated } 1-0

[Event "ICC tourney 2556 (25 5)"]
[Site "Internet Chess Club"]
[Date "2021.05.09"]
[Round "5"]
[White "GURLEY, ADELYN:K05-16399220"]
[Black "IAROVICH, SHACHAR:K05-16865995"]
[Result "0-1"]
[ICCResult "White checkmated"]
[WhiteElo "733"]
[BlackElo "1051"]
[Opening "Giuoco Pianissimo: Italian four knights variation"]
[ECO "C50"]
[NIC "IG.02"]
[Time "11:31:00"]
[PlyCount "100"]
[TimeControl "1500+5"]

1. e4 e5 2. Nf3 Nc6 3. Bc4 Bc5 4. Nc3 Nf6 5. d3 h6 6. Be3 Bxe3 7. fxe3 O-O
8. Qe2 d6 9. h3 Qe7 10. O-O-O Be6 11. Rdf1 Bxc4 12. dxc4 Rad8 13. Nd5 Nxd5
14. cxd5 Nb4 15. Qc4 c5 16. Qb3 Qd7 17. g4 a5 18. Qc4 Ra8 19. a3 Na6 20.
Rhg1 Rfb8 21. g5 Qxh3 22. Qe2 Kh7 23. gxh6 Qxh6 24. Rh1 Qxh1 25. Rxh1+ Kg8
26. Ng5 f6 27. Qh5 fxg5 28. Qg6 Rf8 29. Qe6+ Rf7 30. Rf1 Rf8 31. Rg1 Nc7
32. Qg6 Ne8 33. Rh1 Rf6 34. Qh7+ Kf7 35. Qh5+ g6 36. Qh7+ Ng7 37. Qh3 Nh5
38. Rf1 Kg7 39. Rxf6 Rxf6 40. Qd7+ Rf7 41. Qb5 g4 42. Qxa5 g3 43. Qe1 g2
44. Kd2 Rf1 45. Qh4 g1=Q 46. a4 Rd1+ 47. Kc3 Qxe3+ 48. Kc4 Qd4+ 49. Kb3
Qb4+ 50. Ka2 Qxa4# { White checkmated } 0-1

[Event "ICC tourney 2556 (25 5)"]
[Site "Internet Chess Club"]
[Date "2021.05.09"]
[Round "5"]
[White "KANNAN, VIJAY:K05-16132744"]
[Black "GHODAKE, SPARSH:K05-16884947"]
[Result "1-0"]
[ICCResult "Black checkmated"]
[WhiteElo "1618"]
[BlackElo "1242"]
[Opening "QGD: classical variation (5.Bf4)"]
[ECO "D37"]
[NIC "QO.04"]
[Time "11:32:56"]
[PlyCount "129"]
[TimeControl "1500+5"]

1. d4 Nf6 2. c4 e6 3. Nf3 d5 4. Nc3 Be7 5. Bf4 O-O 6. e3 b6 7. Be2 Bb7 8.
O-O Bd6 9. Bxd6 cxd6 10. cxd5 Nxd5 11. Rc1 Nd7 12. h3 Qe7 13. a3 Rac8 14.
Qd2 Rfd8 15. Nxd5 Bxd5 16. Ba6 Rxc1 17. Rxc1 Bxf3 18. gxf3 Qg5+ 19. Kf1 Qf5
20. Ke2 e5 21. Bc8 g6 22. Rc7 e4 23. fxe4 Qxh3 24. Qb4 Qg4+ 25. Kd3 Qd1+
26. Qd2 Qxd2+ 27. Kxd2 Nf6 28. Bb7 d5 29. Bxd5 Nxd5 30. exd5 Rxd5 31. Rxa7
h5 32. Re7 h4 33. Ke2 g5 34. Re5 Rxe5 35. dxe5 Kf8 36. Kf3 Ke7 37. Kg4 Ke6
38. f4 Kd5 39. fxg5 Kxe5 40. Kxh4 Kf5 41. b4 b5 42. Kh5 Ke6 43. g6 fxg6+
44. Kxg6 Ke5 45. Kf7 Ke4 46. Ke7 Kxe3 47. Kd6 Kd4 48. Kc6 Kc4 49. Kb6 Kb3
50. Kxb5 Kxa3 51. Kc5 Ka4 52. b5 Ka5 53. Kc6 Kb4 54. b6 Kc4 55. b7 Kd4 56.
b8=Q Ke4 57. Qd8 Kf4 58. Qe8 Kg3 59. Qf8 Kg2 60. Kd5 Kh1 61. Qg8 Kh2 62.
Ke5 Kh1 63. Kf4 Kh2 64. Kf3 Kh1 65. Qg2# { Black checkmated } 1-0